 Dungeon Crawl Stone Soup version 0.19-a0-1050-g8e71ee3 (webtiles) character file.

114 Kaname the Skirmisher (level 4, 0/51 HPs)
             Began as a High Elf Wanderer on Aug 1, 2016.
             Succumbed to an orc's poison
             ... on level 4 of the Dungeon.
             The game lasted 00:09:08 (2843 turns).

Kaname the Skirmisher (High Elf Wanderer)           Turns: 2843, Time: 00:09:09

Health: 0/51       AC: 22    Str: 12    XL:     4   Next: 66%
Magic:  9/9        EV:  2    Int: 19    God:
Gold:   137        SH:  0    Dex: 11    Spells: 0 memorised, 9 levels left

rFire  . . .     SeeInvis .     b - +0 hand crossbow
rCold  . . .     Gourm    .     (armour currently unavailable)
rNeg   + + +     Faith    .     (no shield)
rPois  +         Spirit   .     (helmet currently unavailable)
rElec  .         Dismiss  .     (cloak currently unavailable)
rCorr  .         Reflect  .     (gloves currently unavailable)
SustAt .         Harm     .     (boots currently unavailable)
MR     .....     NoTele   +     (no amulet)
Stlth  ++........               (no ring)
                                (no ring)

@: lethally poisoned (0 -> -1), tree-form (expiring), not resistant to hostile
enchantments, unstealthy
A: (slimy green scales 0), evolution 1, subdued magic 1
a: no special abilities


You were on level 4 of the Dungeon.
You were not hungry.
You were a tree.
You visited 1 branch of the dungeon, and saw 4 of its levels.

You collected 137 gold pieces.

Inventory:

Hand Weapons
 b - a +0 hand crossbow (weapon)
Missiles
 c - 37 bolts (quivered)
 e - 75 arrows
 j - 7 steel javelins
 v - 3 poisoned tomahawks
Armour
 n - a +0 helmet (melded)
 s - a cursed +0 robe (melded)
Jewellery
 d - a cursed amulet of inaccuracy {unknown}
Wands
 l - a wand of slowing (23/48)
 u - a wand of random effects (34/48)
Scrolls
 a - 4 scrolls of remove curse
 h - a scroll of blinking {unknown}
 o - a scroll of enchant armour
 p - a scroll of immolation {unknown}
 t - a scroll of teleportation {unknown}
Potions
 i - a potion of agility
Comestibles
 f - 3 bread rations
 g - 7 fruits
 k - 2 beef jerkies
 m - 2 meat rations


   Skills:
 + Level 4.5 Fighting
   Level 1.3 Bows
 - Level 1.0 Crossbows
 - Level 2.6 Armour
 - Level 1.1 Stealth
   Level 1.0 Shields
 + Level 3.1 Spellcasting


You had 9 spell levels left.
You didn't know any spells.

Dungeon Overview and Level Annotations

Branches:
Dungeon (4/15)
 Temple: D:4-7

Altars:


Innate Abilities, Weirdness & Mutations

((You are partially covered in slimy green scales. (AC +2)))
You evolve.
Your spells are a little easier to cast, but a little less powerful.


Message History

* * * LOW HITPOINT WARNING * * *
You feel sick.
* * * LOW HITPOINT WARNING * * *
You feel sick.
* * * LOW HITPOINT WARNING * * *
You feel sick.
* * * LOW HITPOINT WARNING * * *
You feel sick.
* * * LOW HITPOINT WARNING * * *
You feel sick.
* * * LOW HITPOINT WARNING * * *
You feel sick.
* * * LOW HITPOINT WARNING * * *
You feel sick.
* * * LOW HITPOINT WARNING * * *
You feel sick.
Your transformation is almost over.
* * * LOW HITPOINT WARNING * * *
You feel sick.
You die...

#..
#.####.###...
### #o.
#..........#
...####.#
##.##.......
..$...(.##
##........# ..
#.###.##.####.#
#.
##.#.###.##....
#. ##.##
#.##.###
#.########(#
#....# #
#...)♣.)..(#
####.###
############
#.... ###.# #.#
#.# #.# #.. ###


There were no monsters in sight!

Vanquished Creatures
  Robin (D:3)
  2 adders (D:2)
  An adder skeleton (D:4)
  A worm (D:2)
  2 dart slugs (D:2)
  3 giant geckos
  3 orcs (D:4)
  6 bats
  2 giant cockroaches
  11 hobgoblins
  3 jackals (D:3)
  4 kobolds
  2 quokkas
  3 giant newts (D:1)
  13 goblins
  8 rats
65 creatures vanquished.

Notes
Turn   | Place    | Note
-------+----------+-------------------------------------------
     0 | D:1      | Kaname the High Elf Wanderer began the quest for the Orb.
     0 | D:1      | Kaname set off with: a +0 shield, a +0 hand crossbow, 22 bolts, a +0 ring mail, a bread ration
     0 | D:1      | Reached XP level 1. HP: 16/16 MP: 2/2
   116 | D:1      | Reached skill level 1 in Spellcasting
   162 | D:1      | Reached XP level 2. HP: 21/21 MP: 4/4
   719 | D:2      | Reached XP level 3. HP: 24/27 MP: 6/6
  1160 | D:2      | Reached skill level 4 in Fighting
  1730 | D:3      | Reached XP level 4. HP: 33/33 MP: 8/8
  1762 | D:3      | Noticed Robin
  1766 | D:3      | Killed Robin
  2808 | D:4      | Gained mutation: Your spells are a little easier to cast, but a little less powerful. [potion of mutation]
  2808 | D:4      | Gained mutation: You are partially covered in slimy green scales. (AC +2) [potion of mutation]
  2808 | D:4      | Gained mutation: You evolve. [potion of mutation]
  2825 | D:4      | HP: 2/51 [poisoned by an orc]
  2831 | D:4      | HP: 1/51 [poisoned by an orc]
  2839 | D:4      | HP: 1/51 [poisoned by an orc]
  2843 | D:4      | Succumbed to an orc's poison

Vault maps used:
D:1:      lemuel_arrival_broad_hall
D:3:      mumra_celtic_spiral_tile, uniq_robin
D:4:      first_bread, hangedman_abyss_or_decor_stagger, johnstein_pakellas_dig

Skill      XL: |  1  2  3  4 |
---------------+-------------+-----
Spellcasting   | 1 2 3 |  3.1
Fighting       | 4 |  4.5
Bows           | |  1.3
Crossbows      | |  1.0
Armour         | |  2.6
Stealth        | |  1.1
Shields        | |  1.0

Action                   |  1- 3 |  4- 6 || total
-------------------------+-------+-------++-------
 Fire: Hand crossbow     |   122 |    63 ||   185
  Use: Scroll            |     3 |     2 ||     5
       Potion            |     1 |     2 ||     3
  Eat: Chunk             |     1 |     5 ||     6
Armor: Ring mail         |    29 |    16 ||    45
       Robe              |       |     1 ||     1
Dodge: Dodged            |    34 |    19 ||    53
